 Dungeon Crawl Stone Soup version 0.24.0-28-g17ded55e90 (webtiles) character file.

Game seed: 6668998485737019806, levelgen mode: deterministic

36 Matador8 the Cudgeler (level 3, -2/27 HPs)
             Began as a Demonspawn Warper on Nov 12, 2019.
             Slain by a worker ant (7 damage)
             ... on level 2 of the Dungeon.
             The game lasted 00:03:36 (1471 turns).

Matador8 the Cudgeler (Demonspawn Warper)           Turns: 1471, Time: 00:03:37

Health: -2/27      AC:  5    Str: 12    XL:     3   Next: 19%
Magic:  6/6        EV: 11    Int: 14    God:
Gold:   52         SH:  0    Dex: 12    Spells: 4/6 levels left

rFire    . . .     SeeInvis .   a - +0 mace
rCold    . . .     Gourm    .   (no shield)
rNeg     . . .     Faith    .   k - +0 leather armour (curse)
rPois    .         Spirit   .   (no helmet)
rElec    .         Reflect  .   (no cloak)
rCorr    .         Harm     .   (no gloves)
MR       .....                  (no boots)
Stlth    +.........             (no amulet)
HPRegen  0.09/turn              (no ring)
MPRegen  0.10/turn              (no ring)

@: lethally poisoned (-2 -> -9)
A: slimy green scales 1, rot immunity
a: no special abilities


You were on level 2 of the Dungeon.
You were not hungry.

You visited 1 branch of the dungeon, and saw 2 of its levels.

You collected 52 gold pieces.

Inventory:

Hand Weapons
 a - a +0 mace (weapon)
Armour
 b - a +0 leather armour
 k - a cursed +0 leather armour (worn)
Jewellery
 i - an uncursed ring of fire {unknown}
Scrolls
 c - 2 scrolls of identify {unknown}
 d - a scroll of blinking
 e - 2 scrolls of magic mapping {unknown}
 l - a scroll of enchant weapon {unknown}
 n - a scroll of teleportation {unknown}
Potions
 g - a potion of heal wounds {unknown}
 h - a potion of flight {unknown}
 m - a potion of mutation {unknown}
Comestibles
 f - 3 rations


   Skills:
 - Level 2.0 Fighting
 * Level 3.3 Maces & Flails
 - Level 1.0 Throwing
 - Level 0.8 Armour
 - Level 1.7 Dodging
 - Level 2.0 Spellcasting
 - Level 2.6 Translocations


You had 4 spell levels left.
You knew the following spells:

 Your Spells              Type           Power        Failure   Level  Hunger
a - Blink                 Tloc           N/A          16%         2    ###....

Your spell library contained the following spells:

 Spells                   Type           Power        Failure   Level  Hunger
 Shroud of Golubria       Chrm/Tloc      #.....       26%         2    ###....
 Gell's Gravitas          Tloc           #.........   30%         3    ####...
 Lesser Beckoning         Tloc           #.........   30%         3    ####...
 Teleport Other           Tloc           #.......     30%         3    ####...
 Passage of Golubria      Tloc           N/A          69%         4    #####..


Dungeon Overview and Level Annotations

Branches:
Dungeon (2/15)

Altars:


Innate Abilities, Weirdness & Mutations

You are partially covered in slimy green scales. (AC +2)
You are immune to rotting.


Message History

The worker ant is moderately wounded.
You feel sick.
The worker ant bites you but does no damage. x2
You hit the worker ant.
The worker ant is moderately wounded.
You feel sick. The worker ant barely misses you.
You barely miss the worker ant.
The worker ant is moderately wounded.
You feel sick. The worker ant barely misses you. The worker ant bites you.
* * * LOW HITPOINT WARNING * * *
You closely miss the worker ant.
The worker ant is moderately wounded.
* * * LOW HITPOINT WARNING * * *
You feel sick.
The worker ant bites you but does no damage.
You hit the worker ant but do no damage.
The worker ant is moderately wounded.
* * * LOW HITPOINT WARNING * * *
You feel sick. The worker ant closely misses you. The worker ant bites you!
You die...

#.<# #..# #..#
#..#
####..#####
#.(.......#...
#.##(.a.......
#a#######.#...
#@# #.# #.# ###
#######.#####..
............#.#
#######.###.#.#
#.###.#.#
#.##....###
#.........#


You could see a worker ant.

Vanquished Creatures
  A dart slug (D:1)
  A leopard gecko (D:1)
  6 hobgoblins
  2 jackals (D:1)
  A ball python (D:1)
  3 bats
  3 frilled lizards
  5 goblins (D:1)
  6 kobolds
  3 rats (D:1)
31 creatures vanquished.

Notes
Turn   | Place    | Note
-------+----------+-------------------------------------------
     0 | D:1      | Matador8 the Demonspawn Warper began the quest for the Orb.
     0 | D:1      | Reached XP level 1. HP: 16/16 MP: 3/3
    49 | D:1      | Reached skill level 2 in Maces & Flails
   441 | D:1      | Reached skill level 1 in Throwing
   441 | D:1      | Gained mutation: You are partially covered in slimy green
                  | scales. (AC +2) [demonic ancestry]
   441 | D:1      | Reached XP level 2. HP: 11/22 MP: 5/5
   695 | D:1      | Learned a level 2 spell: Blink
   933 | D:1      | Reached skill level 3 in Maces & Flails
  1078 | D:1      | Gained mutation: You are immune to rotting. [demonic
                  | ancestry]
  1078 | D:1      | Reached XP level 3. HP: 27/27 MP: 6/6
  1471 | D:2      | Slain by a worker ant

Levels and vault maps discovered:
D:1:      roderic_chinese_lattice_arrival, layout_loops_cross
D:2:      minmay_recursive_quarters, layout_loops_ring,
          grunt_temple_overflow_open,
          nicolae_gozag_cash_rules_everything_around_me

Skill      XL: |  1  2 |
---------------+-------+-----
Maces & Flails | 2 3 |  3.3
Throwing       | 1 |  1.0
Fighting       | |  2.0
Armour         | |  0.8
Dodging        | |  1.7
Spellcasting   | |  2.0
Translocations | |  2.6

Action                   || total
-------------------------++-------
Melee: Mace              ||    96
Throw: Boomerang         ||     5
  Eat: Chunk             ||     2
Armor: Leather armour    ||    33
Dodge: Dodged            ||    71
